 Dungeon Crawl Stone Soup version 0.29.1-1-gd02db6906a (webtiles) character file.

Game seed: 17962874938932262267

104565 Icepheonix32 the Severer (level 15, -12/147 HPs)
             Began as a Minotaur Fighter on Oct 18, 2022.
             Was the Champion of Okawaru.
             Killed from afar by Louise (18 damage)
             ... with a stone arrow
             ... on level 1 of the Spider Nest on Oct 19, 2022.
             The game lasted 01:06:00 (30003 turns).

Icepheonix32 the Severer (Minotaur Fighter)        Turns: 30003, Time: 01:06:01

Health: -12/147    AC: 27    Str: 20    XL:     15   Next: 92%
Magic:  0/40       EV: 16    Int: 17    God:    Okawaru [******]
Gold:   196        SH:  0    Dex: 16    Spells: 14/14 levels left

rFire   . . .      SeeInvis .   P - +10 battleaxe "Nint" {drain, rElec rC- MP+9 Stlth+}
rCold   x . .      Faith    +   (shield currently unavailable)
rNeg    . . .      Spirit   +   G - +6 scale mail of the Hanged Man {+Inv Str-3 Int+8 Stlth+}
rPois   +          Reflect  .   o - +2 hat of the Bear Spirit {Spirit, *Rage Will++}
rElec   +          Harm     .   D - +0 cloak {rPois}
rCorr   .          Rampage  .   b - +2 pair of gloves of Deufupop {Int+3}
Will    ++++.      Rage     20% s - +1 pair of boots of Negation {Slay+3}
Stlth   +++++.....              r - amulet of faith
HPRegen 0.00/turn               A - ring of magical power
MPRegen 0.27/turn               n - ring of willpower

@: heroic, on berserk cooldown, inhibited regen, slowed, very slow
A: horns 2, retaliatory headbutt, agile 1, inhibited regeneration
a: Renounce Religion, Evoke Invisibility, Heroism, Finesse, Duel


You were on level 1 of the Spider Nest.
You worshipped Okawaru.
Okawaru was exalted by your worship.
You visited 4 branches of the dungeon, and saw 24 of its levels.

You collected 2648 gold pieces.
You spent 2452 gold pieces at shops.

Inventory:

Hand Weapons
 a - a +5 war axe of flaming
 g - a +2 dire flail of holy wrath
 P - the +10 battleaxe "Nint" (weapon) {drain, rElec rC- MP+9 Stlth+}
   (You bought it in a shop on level 13 of the Dungeon)

   A truly terrible weapon, it drains the life of any living foe it strikes.
   rC:        It makes you vulnerable to cold.
   rElec:     It insulates you from electricity.
   MP:        It affects your magic capacity (+9).
   Stlth:     It makes you more stealthy.
 V - a +1 antimagic executioner's axe
 W - a +2 broad axe of distortion
Missiles
 p - a boomerang of dispersal
 t - 2 curare-tipped darts
 u - a throwing net
 K - 20 boomerangs
 S - 9 javelins
Armour
 b - the +2 pair of gloves of Deufupop (worn) {Int+3}
   (Okawaru gifted it to you on level 14 of the Dungeon)

   Int:       It affects your intelligence (+3).
 o - the +2 hat of the Bear Spirit (worn) {Spirit, *Rage Will++}
   (You acquired it on level 2 of the Orcish Mines)

   Going berserk makes the wearer tougher, and they're slowed less afterward.
   *Rage:     It berserks you when you make melee attacks (+20% chance).
   Will:      It greatly increases your willpower.
 s - the +1 pair of boots of Negation (worn) {Slay+3}
   (You bought it in a shop on level 7 of the Dungeon)

   Slay:      It affects your accuracy & damage with ranged weapons and melee
   (+3).
 D - a +0 cloak of poison resistance (worn)
 G - the +6 scale mail of the Hanged Man (worn) {+Inv Str-3 Int+8 Stlth+}
   (Okawaru gifted it to you on level 11 of the Dungeon)

   Str:       It affects your strength (-3).
   Int:       It affects your intelligence (+8).
   +Inv:      It lets you turn invisible.
   Stlth:     It makes you more stealthy.
 O - a +1 cloak
 X - a +1 plate armour of fire resistance
 Z - the +1 buckler of Hedge Wizardry {+Blink Str+6 Dex+3}
   (Okawaru gifted it to you on level 5 of the Lair of Beasts)

   Str:       It affects your strength (+6).
   Dex:       It affects your dexterity (+3).
   +Blink:    It lets you blink.
Jewellery
 n - a ring of willpower (right hand)
 r - an amulet of faith (around neck)
 A - a ring of magical power (left hand)
 L - the amulet of Bogumooh {Spirit Harm rPois}
   (You found it on level 12 of the Dungeon)

   [amulet of guardian spirit]

   It causes incoming damage to be divided between your reserves of health and
   magic.
   rPois:     It protects you from poison.
   Harm:      It increases damage dealt and taken.
 Q - a ring of see invisible
 U - a ring of poison resistance
Wands
 f - a wand of flame (34)
 C - a wand of digging (4)
 I - a wand of light (3)
 J - a wand of polymorph (6)
 R - a wand of roots (6)
Scrolls
 h - 3 scrolls of amnesia
 i - 3 scrolls of torment
 k - a scroll of identify
 v - 8 scrolls of teleportation
 w - a scroll of brand weapon
 y - a scroll of magic mapping
 E - a scroll of fear
 F - 2 scrolls of enchant armour
 H - 3 scrolls of blinking
 N - 3 scrolls of poison
 T - a scroll of silence
Potions
 d - 3 potions of ambrosia
 e - 10 potions of curing
 j - a potion of heal wounds
 l - 4 potions of lignification
 m - a potion of cancellation
 q - 2 potions of resistance
 x - 2 potions of haste
 z - 2 potions of flight
 B - 6 potions of berserk rage
 M - 5 potions of might
 Y - a potion of invisibility
Miscellaneous
 c - a lightning rod (4/4)


   Skills:
 + Level 17.5(22.5) Fighting
 * Level 19.7(24.7) Axes
 + Level 0.7(5.7) Throwing
 + Level 12.4(17.4) Armour
 + Level 6.1(11.1) Dodging
 + Level 3.3(8.3) Stealth
 - Level 5.1(10.1) Shields
 * Level 11.3 Invocations
 * Level 8.3 Evocations


You had 14 spell levels left.
You didn't know any spells.
Your spell library contained the following spells:

 Spells                   Type           Power      Damage    Failure   Level
 Foxfire                  Conj/Fire      0%         2x1d4     43%         1
 Magic Dart               Conj           0%         1d3       43%         1
 Slow                     Hex            0%         N/A       43%         1
 Ensorcelled Hibernation  Hex/Ice        0%         N/A       56%         2
 Scorch                   Fire           0%         2d5       56%         2
 Searing Ray              Conj           0%         2d4       56%         2
 Confusing Touch          Hex            0%         N/A       80%         3
 Conjure Flame            Conj/Fire      0%         6-21      80%         3
 Gell's Gravitas          Tloc           0%         N/A       80%         3
 Ignite Poison            Fire/Tmut/Pois 0%         N/A       80%         3
 Inner Flame              Hex/Fire       0%         N/A       80%         3
 Mephitic Cloud           Conj/Pois/Air  0%         N/A       80%         3
 Portal Projectile        Hex/Tloc       0%         N/A       80%         3
 Spider Form              Tmut/Pois      0%         N/A       80%         3
 Teleport Other           Tloc           0%         N/A       80%         3
 Vampiric Draining        Necr           0%         2d6       80%         3
 Anguish                  Hex/Necr       0%         N/A       99%         4
 Flame Wave               Conj/Fire      0%         2d4       99%         4
 Fulminant Prism          Conj/Hex       0%         3d6       99%         4
 Blade Hands              Tmut           0%         N/A       100%        5
 Freezing Cloud           Conj/Ice/Air   0%         6-21      100%        5
 Dispersal                Tloc           0%         N/A       100%        6
 Eringya's Noxious Bog    Tmut/Pois      0%         N/A       100%        6
 Tukima's Dance           Hex            Unusable   N/A       N/A         3
 Summon Forest            Summ/Tloc      Unusable   N/A       N/A         5
 Summon Cactus Giant      Summ           Unusable   N/A       N/A         6
 Summon Hydra             Summ           Unusable   N/A       N/A         7

Dungeon Overview and Level Annotations

Branches:
Dungeon (15/15)            Temple (0/1) D:7            Lair (5/5) D:8
  Swamp (0/4) Lair:2       Spider (2/4) Lair:3        Slime (0/5) Lair:5
    Orc (2/2) D:11            Elf (0/3) Orc:2        Vaults (0/5) D:14
 Depths (0/4) D:15

Altars:
Elyvilon
Gozag
Hepliaklqana
Kikubaaqudgha
Nemelex Xobeh
Okawaru
Vehumet
Zin
The Shining One

Shops:
D:4 !   D:7 [!(*   D:13 (   Orc:2 (!?(

Annotations:
Spider:1 Louise
Spider:2 3 runed translucent doors, Beorghan's ghost, adept MiBe; Igumyaj's ghost, journeyman MiFi; endersaim's ghost, adept MfSk; xian's ghost, adept MfIE


Innate Abilities, Weirdness & Mutations

You have a pair of horns on your head.
You reflexively headbutt those who attack you in melee.
You are agile. (Dex +4, Str/Int -1)
You do not regenerate when monsters are visible.


Message History

The curare-tipped dart barely misses Louise.
The wolf spider hits you!
* * * LOW HITPOINT WARNING * * *
The wolf spider bites you.
* * * LOW HITPOINT WARNING * * *
You slash Louise! Your headbutt misses Louise.
Louise is lightly wounded.
You hit the wolf spider. You drain the wolf spider.
The wolf spider hits you but does no damage.
The wolf spider completely misses you.
A torpor snail comes into view.
Being near the torpor snail leaves you feeling lethargic.
Louise hits you but does no damage.
You slash Louise! You drain Louise. Your headbutt misses Louise.
Louise is moderately wounded.
You closely miss the wolf spider.
You carefully extract the barbed spikes from your body.
The wolf spider hits you.
* * * LOW HITPOINT WARNING * * *
The wolf spider closely misses you. Louise hits you but does no damage.
Louise blocks your attack. x2
Louise is moderately wounded.
You slash the wolf spider!
You kill the wolf spider!
Okawaru accepts your kill.
Louise points at you and mumbles some strange words.
The stone arrow hits you!!
* * * LOW HITPOINT WARNING * * *
Unknown command.
You slice Louise!! You drain Louise!
Louise is almost dead.
Louise says, "Need a shortcut to the ORB?
Here, let me help!"
Louise misses you. You furiously retaliate!
You headbutt Louise.
Unknown command.
Louise blocks your attack.
You headbutt Louise!
Louise is almost dead.
You hit the torpor snail. You drain the torpor snail.
Louise casts a spell at you. The stone arrow hits you!!
You die...

. s.. ...
. #. .. .#
.#..# .##.
. . ..
#s.. . ...
# ...#.
#..# ..(#
.#. #..##
..
..##.#w@.#
#.
.......@#
#>.......#
####..####
#$# ##


You could see Louise (empowered, drained), a torpor snail (drained) and a
culicivora (wandering).

Vanquished Creatures
  Rupert (Lair:3)
  Agnes (Spider:2)
  A storm dragon (D:14)
  The ghost of Foabaekk the Unseen, a journeyman GrMo of Gozag (Arena)
  A stone giant (D:15)
  A broodmother (Spider:1)
  An entropy weaver (Spider:2)
  Snorg (D:13)
  Josephine (Lair:3)
  An ettin (D:14)
  The ghost of TheSexyCheese the Cleaver, a journeyman HOFi (D:10)
  An ice dragon (Lair:5)
  2 catoblepae
  An ogre mage (D:15)
  5 hydras
  2 boulder beetles
  A radroach (Spider:2)
  6 centaur warriors
  The ghost of andrewp the Spear-Bearer, a novice MiBe of Trog (D:9)
  9 two-headed ogres
  A death knight (D:15)
  4 orc high priests (Orc:2)
  2 tengu warriors (D:15)
  A fire crab (Lair:5)
  A spectral death yak (Lair:3)
  3 steelbarb worms (Spider:1)
  An orb spider (Spider:1)
  A necromancer (D:14)
  2 wizards (D:14)
  2 lindwurms (Lair:5)
  2 orc knights
  20 ugly things
  2 deep elf zephyrmancers (D:14)
  3 wolf spiders (Spider:1)
  3 orc sorcerers
  2 deep elf pyromancers
  9 cyclopes
  Maurice (D:13)
  5 black mambas
  6 torpor snails (Lair:5)
  7 cane toads
  7 komodo dragons
  A demonic crawler (Spider:1)
  A freezing wraith (D:15)
  5 yaktaurs (D:15)
  A kobold demonologist (D:10)
  An efreet (D:14)
  2 rime drakes
  A komodo dragon (shapeshifter) (D:14)
  3 meliai (D:14)
  11 polar bears
  2 raiju (Lair:5)
  Prince Ribbit (D:7)
  9 hornets
  5 tyrant leeches
  A wolf spider simulacrum (D:14)
  7 trolls
  15 blink frogs
  11 tarantellas
  2 spectral black mambas (Lair:3)
  12 dream sheep (Lair:4)
  4 jumping spiders
  8 culicivoras
  2 shadows
  34 yaks
  Sigmund (D:4)
  7 wraiths
  6 wyverns
  2 neqoxecs (D:9)
  A catoblepas simulacrum (Lair:3)
  18 redbacks
  3 steam dragons
  2 basilisks
  10 vampire mosquitoes
  7 wargs
  9 water moccasins
  15 hell hounds (Lair:5)
  13 black bears
  4 sky beasts
  20 orc warriors
  5 ogres
  16 wolves
  A black mamba simulacrum (Lair:3)
  4 centaurs
  A kobold brigand (D:9)
  19 bullfrogs
  4 scorpions
  A necrophage (D:6)
  3 gnoll sergeants
  9 wights
  9 killer bees
  4 howler monkeys
  3 quasits (D:9)
  38 orc priests
  A hound (D:6)
  3 jellies
  2 gnoll boudas
  30 orc wizards
  A hell rat (Lair:3)
  17 gnolls
  13 adders
  2 shadow imps (D:7)
  4 white imps
  An ufetubus (D:5)
  4 worms
  A worm (shapeshifter) (D:14)
  3 dart slugs
  80 orcs
  16 ball pythons
  5 bats
  14 endoplasms
  4 giant cockroaches
  11 goblins
  5 hobgoblins
  2 jackals (D:3)
  6 quokkas
  5 frilled lizards
  11 kobolds
  4 rats
743 creatures vanquished.

Vanquished Creatures (others)
  84 fungi
  86 plants
170 creatures vanquished.

Grand Total: 913 creatures vanquished

Notes
Turn   | Place    | Note
-------+----------+-------------------------------------------
     0 | D:1      | Icepheonix32 the Minotaur Fighter began the quest for the
                  | Orb.
     0 | D:1      | Reached XP level 1. HP: 19/19 MP: 0/0
   228 | D:1      | Reached XP level 2. HP: 27/27 MP: 1/1
   248 | D:1      | Found a faded altar of an unknown god.
   289 | D:1      | Reached skill level 3 in Axes
   495 | D:2      | Reached XP level 3. HP: 33/33 MP: 2/2
   984 | D:2      | Reached XP level 4. HP: 40/41 MP: 3/3
  1494 | D:3      | Found a radiant altar of Vehumet.
  1494 | D:3      | Found an ancient bone altar of Kikubaaqudgha.
  1602 | D:3      | Reached skill level 4 in Axes
  2481 | D:3      | Gained mutation: You occasionally shout uncontrollably at
                  | your foes. [potion of mutation]
  2481 | D:3      | Gained mutation: You have sharp toenails. [potion of
                  | mutation]
  2481 | D:3      | Gained mutation: You passively map a small area around you.
                  | [potion of mutation]
  2531 | D:3      | Lost mutation: You have sharp toenails. [potion of
                  | mutation]
  2531 | D:3      | Lost mutation: You passively map a small area around you.
                  | [potion of mutation]
  2531 | D:3      | Gained mutation: Your flesh is heat resistant. (rF+)
                  | [potion of mutation]
  2531 | D:3      | Gained mutation: You sometimes lose your temper in combat.
                  | [potion of mutation]
  2531 | D:3      | Gained mutation: Your muscles are strong. (Str +4, Int/Dex
                  | -1) [potion of mutation]
  2559 | D:4      | Reached XP level 5. HP: 47/47 MP: 4/4
  2828 | D:4      | Found an iron altar of Okawaru.
  2833 | D:4      | Became a worshipper of Warmaster Okawaru
  2851 | D:4      | Found a sparkling altar of Nemelex Xobeh.
  2855 | D:4      | Reached skill level 5 in Fighting
  2866 | D:4      | Found a hazy altar of Hepliaklqana.
  2877 | D:4      | Found a glowing golden altar of the Shining One.
  2879 | D:4      | Reached skill level 5 in Axes
  3227 | D:4      | Reached XP level 6. HP: 55/56 MP: 5/5
  3263 | D:4      | Reached * piety under Okawaru
  3264 | D:4      | Reached skill level 1 in Invocations
  3376 | D:4      | Reached skill level 1 in Dodging
  3380 | D:4      | Reached skill level 5 in Armour
  3607 | D:4      | Found Wiagud's Distillery.
  3610 | D:4      | Bought a potion of degeneration for 12 gold pieces
  3610 | D:4      | Bought a potion of heal wounds for 60 gold pieces
  3610 | D:4      | Bought a potion of haste for 120 gold pieces
  3682 | D:4      | Reached XP level 7. HP: 62/62 MP: 7/7
  3796 | D:4      | Noticed Sigmund
  3802 | D:4      | Killed Sigmund
  3803 | D:4      | Reached skill level 6 in Axes
  3945 | D:5      | Entered Level 5 of the Dungeon
  4014 | D:5      | Reached ** piety under Okawaru
  4274 | D:5      | Reached skill level 7 in Axes
  4274 | D:5      | Reached XP level 8. HP: 53/71 MP: 8/8
  5103 | D:6      | Reached *** piety under Okawaru
  5225 | D:6      | Found an opulent altar of Gozag.
  5263 | D:6      | Found a glowing silver altar of Zin.
  5360 | D:6      | Reached skill level 8 in Axes
  5564 | D:6      | HP: 3/74 [poisoned by a scorpion]
  5566 | D:6      | HP: 1/74 [poisoned by a scorpion]
  5976 | D:7      | Found Orox Mul's Antique Armour Shop.
  6168 | D:7      | Found Lunkifid's Weapon Shoppe.
  6181 | D:7      | Found Byntulus's Distillery.
  6219 | D:7      | Reached XP level 9. HP: 77/81 MP: 11/11
  6303 | D:7      | Found Gues's General Store.
  6320 | D:7      | Noticed Prince Ribbit
  6321 | D:7      | HP: 3/81 [gnoll/+0 spear[a gnoll sergeant] (3)]
  6328 | D:7      | Reached skill level 5 in Shields
  6329 | D:7      | HP: 3/81 [poisoned by a gnoll sergeant]
  6333 | D:7      | Reached **** piety under Okawaru
  6358 | D:7      | Killed Prince Ribbit
  6766 | D:7      | Found a staircase to the Ecumenical Temple.
  6885 | D:8      | Noticed a two-headed ogre
  6892 | D:8      | Killed a two-headed ogre
  6893 | D:8      | Reached skill level 9 in Axes
  6893 | D:8      | Reached skill level 1 in Stealth
  6893 | D:8      | Reached skill level 5 in Invocations
  7107 | D:8      | Reached ***** piety under Okawaru
  7166 | D:8      | Noticed a two-headed ogre
  7177 | D:8      | Reached XP level 10. HP: 20/92 MP: 9/12
  7177 | D:8      | Killed a two-headed ogre
  7178 | D:8      | Reached skill level 10 in Fighting
  7178 | D:8      | Reached skill level 10 in Axes
  7511 | D:8      | Found a staircase to the Lair.
  7526 | D:8      | Identified the +0 chain mail "Konel" {rF- Int+4 Dex+5}
                  | (Okawaru gifted it to you on level 8 of the Dungeon)
  7526 | D:8      | Received a gift from Okawaru
  8867 | D:9      | Found a transporter.
  8887 | D:9      | Noticed andrewp's ghost (novice MiBe)
  8908 | D:9      | Found a transporter.
  8984 | D:9      | Reached skill level 11 in Axes
  9541 | D:10     | Entered Level 10 of the Dungeon
  9556 | D:10     | Noticed TheSexyCheese's ghost (journeyman HOFi)
  9599 | D:10     | Noticed a rust devil
  9605 | D:10     | Found a runed translucent door.
  9626 | D:10     | Reached skill level 10 in Armour
  9636 | D:10     | Reached XP level 11. HP: 35/102 MP: 12/14
 10316 | D:11     | Found a staircase to the Orcish Mines.
 10472 | D:11     | Paralysed by a hornet for 1 turns
 10474 | D:11     | Paralysed by a hornet for 2 turns
 10555 | D:11     | Noticed a two-headed ogre
 10561 | D:11     | Killed a two-headed ogre
 10713 | Orc:1    | Entered Level 1 of the Orcish Mines
 10715 | Orc:1    | Noticed an orc sorcerer
 10722 | Orc:1    | Reached skill level 12 in Axes
 10725 | Orc:1    | Gained mutation: You do not regenerate when monsters are
                  | visible. [a neqoxec]
 10734 | Orc:1    | Killed an orc sorcerer
 11305 | D:7      | Bought the +5 battleaxe of Defiance {protect, rC+ Str+3}
                  | for 690 gold pieces
 11609 | Orc:2    | Entered Level 2 of the Orcish Mines
 11609 | Orc:2    | Found a staircase to the Elven Halls.
 11771 | Orc:2    | Noticed an orc high priest
 11774 | Orc:2    | Noticed an orc sorcerer
 12332 | D:11     | Identified the +6 scale mail of the Hanged Man {+Inv Str-3
                  | Int+8 Stlth+} (Okawaru gifted it to you on level 11 of the
                  | Dungeon)
 12332 | D:11     | Received a gift from Okawaru
 12624 | D:12     | Identified the amulet of Bogumooh {Spirit Harm rPois}
 12885 | D:12     | Reached ****** piety under Okawaru
 12886 | D:12     | Reached skill level 13 in Axes
 13051 | D:12     | Reached skill level 1 in Evocations
 13803 | D:13     | Noticed Snorg
 13922 | Lair:1   | Entered Level 1 of the Lair of Beasts
 14013 | Lair:1   | Noticed a catoblepas
 14044 | Lair:1   | Killed a catoblepas
 14045 | Lair:1   | Reached XP level 12. HP: 62/113 MP: 15/16
 14515 | Lair:1   | Lost mutation: Your muscles are strong. (Str +4, Int/Dex
                  | -1) [potion of mutation]
 14515 | Lair:1   | Lost mutation: Your flesh is heat resistant. (rF+) [potion
                  | of mutation]
 14515 | Lair:1   | Gained mutation: Your movements are slightly less
                  | encumbered by armour. (ER -2) [potion of mutation]
 14515 | Lair:1   | Gained mutation: You are resistant to electric shocks.
                  | (rElec) [potion of mutation]
 14895 | Lair:2   | Reached skill level 14 in Axes
 15413 | Lair:2   | Noticed a seven-headed hydra
 15422 | Lair:2   | Killed a four-headed hydra
 15627 | Lair:2   | Received a gift from Okawaru
 15637 | Lair:2   | Found a staircase to the Swamp.
 15985 | Lair:2   | Noticed a four-headed hydra
 15990 | Lair:2   | Killed a one-headed hydra
 16287 | Lair:3   | Noticed Josephine
 16292 | Lair:3   | Killed Josephine
 16690 | Lair:3   | Identified the +3 scale mail "Byralal" {Int+4} (Okawaru
                  | gifted it to you on level 3 of the Lair of Beasts)
 16690 | Lair:3   | Received a gift from Okawaru
 16765 | Lair:3   | Found a hole to the Spider Nest.
 16792 | Lair:3   | Reached skill level 15 in Axes
 16917 | Lair:3   | Reached XP level 13. HP: 123/123 MP: 18/18
 17343 | Lair:3   | Found a runed translucent gate.
 17343 | Lair:3   | Found a runed translucent gate.
 17343 | Lair:3   | Found a runed translucent gate.
 17343 | Lair:3   | Noticed Foabaekk's ghost (journeyman GrMo)
 17606 | Arena    | Entered the Arena
 17620 | Arena    | Killed Foabaekk's ghost
 18018 | Lair:4   | Reached skill level 5 in Evocations
 18374 | Lair:4   | You fall into a shaft and drop 1 floor!
 18374 | Lair:5   | Entered Level 5 of the Lair of Beasts
 18521 | Lair:5   | Found a staircase to the Slime Pits.
 18850 | Lair:5   | Reached skill level 16 in Axes
 19151 | Lair:5   | Reached skill level 15 in Fighting
 19156 | Lair:5   | Received a gift from Okawaru
 19690 | Lair:5   | Reached XP level 14. HP: 88/135 MP: 20/20
 20320 | Lair:5   | Identified the +1 buckler of Hedge Wizardry {+Blink Str+6
                  | Dex+3} (Okawaru gifted it to you on level 5 of the Lair of
                  | Beasts)
 20320 | Lair:5   | Received a gift from Okawaru
 20349 | Lair:5   | Found a runed translucent door.
 20494 | Lair:5   | Reached skill level 5 in Dodging
 22642 | Orc:2    | Reached skill level 17 in Axes
 23709 | Orc:1    | Reached skill level 10 in Invocations
 23880 | Orc:2    | Found Femyxil's Antique Weapon Boutique.
 23880 | Orc:2    | Found Kyick's Distillery.
 23881 | Orc:2    | Found Muma Xao's Antique Weapon Shop.
 23886 | Orc:2    | Found Veycep's Magic Scroll Shop.
 23890 | Orc:2    | Bought a runed broad axe for 252 gold pieces
 23900 | Orc:2    | Bought a scroll of acquirement for 832 gold pieces
 23905 | Orc:2    | Acquired the +2 hat of the Bear Spirit {Spirit, *Rage
                  | Will++}
 23905 | Orc:2    | Found the +2 hat of the Bear Spirit {Spirit, *Rage Will++}
 24444 | D:13     | Killed Snorg
 24824 | D:13     | Found Rafox's Antique Weapon Shoppe.
 24833 | D:13     | Bought a masterwork battleaxe for 287 gold pieces
 24833 | D:13     | Identified the +10 battleaxe "Nint" {drain, rElec rC- MP+9
                  | Stlth+} (You bought it in a shop on level 13 of the
                  | Dungeon)
 24935 | D:13     | Noticed Maurice
 24942 | D:13     | Killed Maurice
 26097 | D:14     | Received a gift from Okawaru
 26204 | D:14     | Found a gate to the Vaults.
 26327 | D:14     | Identified the +2 pair of gloves of Deufupop {Int+3}
                  | (Okawaru gifted it to you on level 14 of the Dungeon)
 26327 | D:14     | Received a gift from Okawaru
 26335 | D:14     | Reached XP level 15. HP: 102/146 MP: 21/21
 26505 | D:14     | Noticed a storm dragon
 26518 | D:14     | Killed a storm dragon
 26846 | D:14     | Reached skill level 18 in Axes
 27177 | D:7      | Bought a pair of smouldering boots for 199 gold pieces
 27177 | D:7      | Identified the +1 pair of boots of Negation {Slay+3} (You
                  | bought it in a shop on level 7 of the Dungeon)
 27300 | D:10     | Killed TheSexyCheese's ghost
 27422 | D:9      | Killed andrewp's ghost
 27431 | D:9      | Identified the amulet "Hueri" {RegenMP Str+3 Int+3}
 27600 | D:15     | Entered Level 15 of the Dungeon
 27725 | D:15     | Found a white marble altar of Elyvilon.
 28157 | D:15     | Received a gift from Okawaru
 28581 | D:15     | Reached skill level 19 in Axes
 28778 | D:15     | Found a staircase to the Depths.
 29280 | Spider:1 | Entered Level 1 of the Spider Nest
 29300 | Spider:1 | Noticed Rupert
 29421 | Lair:3   | Killed Rupert
 29421 | Lair:3   | Identified the +0 scale mail "Igyebbir" {rF++} (Okawaru
                  | gifted it to you on level 3 of the Lair of Beasts)
 29421 | Lair:3   | Received a gift from Okawaru
 29646 | Spider:1 | Lost mutation: You are resistant to electric shocks.
                  | (rElec) [potion of mutation]
 29646 | Spider:1 | Lost mutation: You occasionally shout uncontrollably at
                  | your foes. [potion of mutation]
 29646 | Spider:1 | Lost mutation: Your movements are slightly less encumbered
                  | by armour. (ER -2) [potion of mutation]
 29646 | Spider:1 | Lost mutation: You sometimes lose your temper in combat.
                  | [potion of mutation]
 29646 | Spider:1 | Gained mutation: You are dopey. (Int -2) [potion of
                  | mutation]
 29646 | Spider:1 | Gained mutation: You are agile. (Dex +4, Str/Int -1)
                  | [potion of mutation]
 29646 | Spider:1 | Lost mutation: You are dopey. (Int -2) [potion of mutation]
 29732 | Spider:1 | You fall into a shaft and drop 1 floor!
 29830 | Spider:2 | Found a runed translucent gate.
 29830 | Spider:2 | Found a runed translucent gate.
 29831 | Spider:2 | Found a runed translucent gate.
 29885 | Spider:2 | Noticed Agnes
 29890 | Spider:2 | Noticed endersaim's ghost (adept MfSk)
 29894 | Spider:2 | Killed Agnes
 29895 | Spider:2 | Noticed xian's ghost (adept MfIE)
 29895 | Spider:2 | Noticed Beorghan's ghost (adept MiBe)
 29895 | Spider:2 | Noticed Igumyaj's ghost (journeyman MiFi)
 29895 | Spider:2 | Noticed endersaim's ghost (adept MfSk)
 29995 | Spider:1 | Noticed Louise
 30001 | Spider:1 | HP: 6/147 [Louise/stone arrow (27)]
 30003 | Spider:1 | Killed from afar by Louise

Illustrated notes

Levels and vault maps discovered:
D:1:      dpeg_arrival_lava_temple_mockup, layout_basic, basic_ecumenical_altar
D:2:      layout_loops_ring
D:3:      layout_basic, nicolae_overflow_two_pavilions,
          hangedman_decor_slide_cut, minmay_surrounded
D:4:      minmay_bubble_buster, layout_loops_cross,
          grunt_temple_overflow_cloverleaf, serial_shops, kennysheep_mini,
          minmay_snake_closets, uniq_sigmund
D:5:      layout_cave_pools
D:6:      layout_rooms, pdpol_temple_overflow_zin_treasury_gozag_greed,
          kennysheep_generic_room_7
D:7:      layout_rooms, minmay_temple_entry_gardened_gates, serial_shops, shop,
          shop, nicolae_shop_bloodbath_and_beyond, nicolae_shop_crystal,
          uniq_prince_ribbit1
D:8:      layout_loops_corners, due_lair_maze_entry_diamond
D:9:      layout_small_grid, gammafunk_ghost_stat_death
D:10:     layout_big_octagon, hellmonk_ghost_happy_afterlife, dk_noncrumbling_2
D:11:     layout_gridville, hiddenorc2_lemuel
D:12:     layout_small_grid
D:13:     layout_loops_ring, serial_shops, nicolae_shop_statue_plus, uniq_snorg,
          uniq_maurice
D:14:     minmay_two_paths, layout_long_grid, david_vaults_1, drop_trap
D:15:     grunt_enter_depths_snipers, layout_basic, elyvilon_altar_3,
          serial_curves, eino_curves_03, eino_curves_02
Lair:1:   layout_regular_city, infiniplex_staircase_pool
Lair:2:   layout_roguey, minmay_swamp_entry_worms
Lair:3:   layout_regular_city, nicolae_spider_entry_tight_spaces,
          gammafunk_ghost_necromancy, kennysheep_catoblepas_arena,
          uniq_josephine
Lair:4:   layout_roguey, lemuel_fruit_tree
Lair:5:   wormcave, layout_gridlike, hangedman_lair_caniforms_friends,
          dpeg_slime_entry_enclosed, serial_bayou_shore_b
Spider:1: layout_spider_delve, uniq_louise, uniq_frances, uniq_rupert
Spider:2: layout_spider_delve, gammafunk_ghost_cemetery,
          beargit_elvish_explorers, uniq_agnes
Orc:1:    layout_diamond_mine, basic_altar
Orc:2:    st_orc_mages, layout_caves

Skill      XL: |  1  2  3  4  5  6  7  8  9 10 11 12 13 14 15 |
---------------+----------------------------------------------+-----
Fighting       | 4 5 6 7 9 11 12 13 15 16 17 | 17.5
Axes           | 3 4 5 7 8 9 11 13 15 16 17 19 | 19.7
Shields        | 4 5 |  5.1
Armour         | 4 5 6 8 10 11 12 | 12.4
Invocations    | 1 2 4 5 6 7 8 9 10 11 | 11.3
Dodging        | 1 2 3 4 5 6 |  6.1
Stealth        | 1 2 3 |  3.3
Evocations     | 1 4 6 7 8 |  8.3
Throwing       | |  0.7

Action                   |  1- 3 |  4- 6 |  7- 9 | 10-12 | 13-15 || total
-------------------------+-------+-------+-------+-------+-------++-------
Melee: War axe           |    74 |   100 |   188 |   292 |    42 ||   696
       Headbutt          |    12 |    27 |    43 |   118 |   171 ||   371
       Hand axe          |       |    38 |    18 |       |       ||    56
       Battleaxe         |       |       |       |   232 |   730 ||   962
Throw: Throwing net      |       |       |     1 |       |     1 ||     2
       Boomerang         |       |       |       |     2 |     1 ||     3
       Dart              |       |       |       |     1 |     4 ||     5
Invok: Heroism           |       |       |     4 |    10 |    14 ||    28
       Finesse           |       |       |       |       |     2 ||     2
       Duel              |       |       |       |       |     1 ||     1
Evoke: Wand              |       |       |       |     6 |    12 ||    18
       Lightning rod     |       |       |       |       |     2 ||     2
  Use: Scroll            |     4 |     3 |     8 |     9 |     9 ||    33
       Potion            |       |     6 |     9 |     3 |     6 ||    24
 Stab: Held in net/web   |       |       |     1 |       |       ||     1
       Sleeping          |       |       |       |     1 |     4 ||     5
       Petrified         |       |       |       |       |     2 ||     2
       Distracted        |       |       |       |       |     1 ||     1
       Invisible         |       |       |       |       |     1 ||     1
Armor: Scale mail        |    35 |    53 |    47 |   110 |   393 ||   638
       Chain mail        |       |       |    50 |   142 |       ||   192
Dodge: Dodged            |    32 |    45 |   118 |   232 |   454 ||   881
Block: Buckler           |    11 |    20 |    62 |    84 |    10 ||   187
